 Dungeon Crawl Stone Soup version 0.29.1-13-g9f3cf754e1 (webtiles) character file.

Game seed: 2968088151731580826

821 protoss039 the Digger (level 7, -11/57 HPs)
             Began as a Demonspawn Earth Elementalist on Feb 11, 2023.
             Mangled by an ice beast (12 damage)
             ... on level 6 of the Dungeon.
             The game lasted 00:09:57 (6322 turns).

protoss039 the Digger (DsEE)                        Turns: 6322, Time: 00:09:59

Health: -11/57     AC:  5    Str:  9    XL:     7   Next: 63%
Magic:  0/13       EV: 12    Int: 18    God:
Gold:   244        SH:  0    Dex: 13    Spells: 9/15 levels left

rFire   + . .      SeeInvis .   i - +0 dagger (venom)
rCold   . . .      Faith    .   (no shield)
rNeg    . . .      Spirit   +   a - +0 robe
rPois   .          Reflect  .   (no helmet)
rElec   .          Harm     .   (no cloak)
rCorr   .          Rampage  .   (no gloves)
Will    .....                   h - +0 pair of boots
Stlth   ++........              f - amulet of guardian spirit
HPRegen 0.19/turn               s - ring of protection from fire
MPRegen 0.13/turn               (no ring)

@: on berserk cooldown, slowed, very slow
A: rugged brown scales 2, foul stench 2
a: no special abilities


You were on level 6 of the Dungeon.
You visited 1 branch of the dungeon, and saw 6 of its levels.

You collected 244 gold pieces.

Inventory:

Hand Weapons
 d - a +1 short sword of electrocution
 i - a +0 dagger of venom (weapon)
 u - a +3 falchion of protection
Missiles
 C - 6 atropa-tipped darts
Armour
 a - a +0 robe (worn)
 h - a +0 pair of boots (worn)
 B - a +1 leather armour of fire resistance
Jewellery
 f - an amulet of guardian spirit (around neck)
 s - a ring of protection from fire (left hand)
Wands
 p - a wand of polymorph (12)
 w - a wand of digging (7)
Scrolls
 c - a scroll of identify
 j - a scroll of poison
 k - a scroll of enchant armour
 m - 3 scrolls of teleportation
 q - a scroll of brand weapon
 t - a scroll of amnesia {unknown}
 x - a scroll of noise {unknown}
 y - a scroll of enchant weapon {unknown}
 D - a scroll of magic mapping {unknown}
Potions
 l - 2 potions of mutation
 n - a potion of cancellation {unknown}
 r - 3 potions of might
 v - 3 potions of curing {unknown}
 z - a potion of experience {unknown}
 A - 2 potions of flight {unknown}


   Skills:
 + Level 4.3 Fighting
 - Level 1.7 Dodging
 - Level 1.7 Stealth
 + Level 4.6 Spellcasting
 + Level 2.9 Conjurations
 - Level 0.8 Transmutations
 + Level 5.0 Earth Magic


You had 9 spell levels left.
You knew the following spells:

 Your Spells              Type           Power      Damage    Failure   Level
a - Sandblast             Erth           44%        2d11      1%          1
b - Passwall              Tmut/Erth      11%        N/A       6%          2
c - Stone Arrow           Conj/Erth      36%        3d9       9%          3

Your spell library contained the following spells:

 Spells                   Type           Power      Damage    Failure   Level
 Beastly Appendage        Tmut           14%        N/A       10%         1
 Summon Small Mammal      Summ           16%        N/A       14%         1
 Wereblood                Tmut           7%         N/A       14%         2
 Conjure Flame            Conj/Fire      9%         6-21      22%         3
 Spider Form              Tmut/Pois      5%         N/A       34%         3
 Ignite Poison            Fire/Tmut/Pois 5%         N/A       36%         3
 Call Canine Familiar     Summ           4%         N/A       38%         3
 Summon Guardian Golem    Hex/Summ       4%         N/A       38%         3
 Petrify                  Tmut/Erth      14%        N/A       38%         4
 Sticky Flame             Conj/Fire      9%         2d3       58%         4


Dungeon Overview and Level Annotations

Branches:
Dungeon (6/15) Zot: 26770
 Temple: D:4-7

Altars:


Innate Abilities, Weirdness & Mutations

You are mostly covered in rugged brown scales. (AC +2, +5% HP)
You sometimes emit foul miasma when damaged in melee.


Message History

Unknown command.
The hound attacks as you move away! The hound barely misses you.
The hound misses you.
There is a stone staircase leading up here.
Unknown command.
Casting: Sandblast (safe; 1% risk of failure)
Confirm with . or Enter, or press ? or * to list all spells.
Aiming: Sandblast (safe; 1% risk of failure)
Press: ? - help, Shift-Dir - straight line, f - hound
Aim: a hound (almost dead, 76% to hit)
The blast of sand hits the hound.
You kill the hound!
The ice beast hits you. The ice beast freezes you!
* * * LOW HITPOINT WARNING * * *
The ice beast misses you.
Your Earth Magic skill increases to level 5!
Casting: Sandblast (safe; 1% risk of failure)
Confirm with . or Enter, or press ? or * to list all spells.
Aiming: Sandblast (safe; 1% risk of failure)
Press: ? - help, Shift-Dir - straight line, f - ice beast
Aim: an ice beast (83% to hit)
The blast of sand hits the ice beast!
The ice beast is moderately wounded.
The ice beast hits you.
* * * LOW HITPOINT WARNING * * *
The ice beast freezes you.
* * * LOW HITPOINT WARNING * * *
The ice beast closely misses you. The ice beast hits you.
* * * LOW HITPOINT WARNING * * *
The ice beast freezes you.
* * * LOW HITPOINT WARNING * * *
You emit a cloud of foul miasma!
Okay, then.
As you read the scroll of summoning, it crumbles to dust.
Wisps of shadow whirl around you...
The ice beast is engulfed in dark miasma.
The ice beast hits you.
* * * LOW HITPOINT WARNING * * *
The ice beast freezes you!
You die...

#............# #.#
#..#####.....# #.#
#..#...#.....# #†#
#..#...#.....# #.#
####..#.[?#...#.# #.#
#.....#####..##.###.#
#.##F.O......##.#...#
##.##.Y...............
##....@..............##
##...o...###.#.###.#..#
#........###.#.# #.#..#
................ .....#
#........###.#. ###...#
##.......# #....
##...#..# .#.##
##..#..# ..#.#
##....########.# #.#


You could see an ice beast (ally target), a friendly ogre (summoned), a friendly
bullfrog (summoned) and a friendly orc (summoned).

Vanquished Creatures
  A water moccasin (D:6)
  An ice beast (D:6)
  A phantom (D:4)
  A bullfrog (D:5)
  A howler monkey (D:6)
  3 hounds
  Jessica (D:3)
  An iguana (D:4)
  An orc wizard (D:4)
  11 gnolls
  6 adders
  A shadow imp (D:5)
  3 worms (D:2)
  4 dart slugs
  6 orcs
  5 ball pythons
  7 endoplasms
  2 giant cockroaches
  11 goblins
  8 hobgoblins
  7 quokkas
  4 bats
  3 frilled lizards
  7 kobolds
  5 rats
101 creatures vanquished.

Notes
Turn   | Place    | Note
-------+----------+-------------------------------------------
     0 | D:1      | protoss039 the Demonspawn Earth Elementalist began the
                  | quest for the Orb.
     0 | D:1      | Reached XP level 1. HP: 13/13 MP: 3/3
   251 | D:1      | Gained mutation: You are partially covered in rugged brown
                  | scales. (AC +1, +3% HP) [demonic ancestry]
   251 | D:1      | Reached XP level 2. HP: 13/20 MP: 3/5
   372 | D:1      | Reached skill level 1 in Fighting
   561 | D:1      | Reached skill level 3 in Earth Magic
   926 | D:1      | Found a faded altar of an unknown god.
  1030 | D:1      | You fall into a shaft and drop 1 floor!
  1054 | D:2      | Gained mutation: You may rarely emit foul miasma when
                  | damaged in melee. [demonic ancestry]
  1054 | D:2      | Reached XP level 3. HP: 19/26 MP: 6/6
  1945 | D:2      | Reached XP level 4. HP: 7/33 MP: 4/8
  2229 | D:2      | Learned a level 2 spell: Passwall
  2803 | D:3      | Noticed Jessica
  2807 | D:3      | Killed Jessica
  2808 | D:3      | Reached XP level 5. HP: 40/40 MP: 6/9
  3051 | D:3      | Learned a level 3 spell: Stone Arrow
  3446 | D:3      | Reached skill level 4 in Earth Magic
  4051 | D:4      | Gained mutation: You are mostly covered in rugged brown
                  | scales. (AC +2, +5% HP) [demonic ancestry]
  4051 | D:4      | Reached XP level 6. HP: 37/49 MP: 4/11
  4265 | D:4      | Reached skill level 1 in Conjurations
  5079 | D:5      | Entered Level 5 of the Dungeon
  5555 | D:5      | Gained mutation: You sometimes emit foul miasma when
                  | damaged in melee. [demonic ancestry]
  5555 | D:5      | Reached XP level 7. HP: 40/55 MP: 6/13
  6321 | D:6      | Reached skill level 5 in Earth Magic
  6321 | D:6      | HP: 2/57 [ice beast (4)]
  6322 | D:6      | Mangled by an ice beast

Illustrated notes

Levels and vault maps discovered:
D:1:      ncdulo_smallfort, layout_loops_corners,
          chequers_ecumenical_altar_twisty
D:2:      layout_loops_corners
D:3:      layout_basic, kennysheep_jessica_study
D:4:      layout_basic, kennysheep_cluttered_room, minmay_liquid_box
D:5:      nicolae_BIG_FREAKIN_CUBE, layout_cave_pods, minmay_misc_feat_tower
D:6:      layout_loops_ring, mainiacjoe_overflow_chevrons,
          minmay_temple_entry_glass, serial_glass, glass_columns_c,
          glass_columns_a, due_unseen_surprise, minmay_strange_pillars,
          minmay_strange_pillars, feat_on_display

Skill      XL: |  1  2  3  4  5  6  7 |
---------------+----------------------+-----
Fighting       | 1 2 3 4 |  4.3
Earth Magic    | 3 4 5 |  5.0
Spellcasting   | 3 4 |  4.6
Conjurations   | 2 |  2.9
Dodging        | |  1.7
Stealth        | |  1.7
Transmutations | |  0.8

Action                   |  1- 3 |  4- 6 |  7- 9 || total
-------------------------+-------+-------+-------++-------
Melee: Short sword       |    75 |     3 |       ||    78
       Dagger            |    18 |    75 |     9 ||   102
       Punch             |     1 |     2 |       ||     3
       Falchion          |       |       |     4 ||     4
 Cast: Sandblast         |    18 |    56 |     9 ||    83
       Passwall          |       |     1 |     2 ||     3
       Stone Arrow       |       |     1 |       ||     1
  Use: Scroll            |       |    10 |     1 ||    11
       Potion            |       |     1 |     4 ||     5
 Stab: Sleeping          |     4 |     1 |       ||     5
Armor: Robe              |    29 |    28 |    13 ||    70
Dodge: Dodged            |    54 |    55 |    32 ||   141
